 Dungeon Crawl Stone Soup version 0.27-a0-681-g0c81a3c1c3 (webtiles) character file.

Game seed: 16378537980021151343

471 rjrrt the Chopper (level 6, -1/47 HPs)
             Began as a Demonspawn Berserker on Mar 20, 2021.
             Was a Priest of Trog.
             Slain by an orc wizard
             ... wielding a +0 dagger
              (6 damage)
             ... on level 5 of the Dungeon.
             The game lasted 00:04:32 (4178 turns).

rjrrt the Chopper (Demonspawn Berserker)            Turns: 4178, Time: 00:04:33

Health: -1/47      AC:  7    Str: 20    XL:     6   Next: 83%
Magic:  6/6        EV: 11    Int:  8    God:    Trog [***...]
Gold:   259        SH:  0    Dex: 18    Spells: 5/5 levels left

rFire    . . .     SeeInvis .   a - +0 hand axe
rCold    . . .     Faith    .   (no shield)
rNeg     . . .     Spirit   .   h - +0 ring mail
rPois    .         Reflect  .   (no helmet)
rElec    .         Harm     .   (no cloak)
rCorr    .         Rampage  .   r - +0 pair of gloves
Will     .....                  (no boots)
Stlth    ..........             (no amulet)
HPRegen  0.15/turn              m - +6 ring of dexterity
MPRegen  0.10/turn              (no ring)

@: confused, lethally poisoned (-1 -> -6), berserk cooldown, slowed, very slow
A: claws 2, sharp scales 1, demonic magic 1
a: Renounce Religion, Berserk, Trog's Hand


You were on level 5 of the Dungeon.
You worshipped Trog.
Trog was most pleased with you.
You visited 1 branch of the dungeon, and saw 5 of its levels.

You collected 259 gold pieces.

Inventory:

Hand Weapons
 a - a +0 hand axe (weapon)
Missiles
 e - 7 curare-tipped darts (quivered)
Armour
 h - a +0 ring mail (worn)
 r - a +0 pair of gloves (worn)
Jewellery
 m - a +6 ring of dexterity (right hand)
Wands
 q - a wand of random effects (14)
Scrolls
 c - 2 scrolls of teleportation {unknown}
 d - a scroll of acquirement {unknown}
 i - a scroll of blinking {unknown}
 j - a scroll of immolation {unknown}
 l - a scroll of identify {unknown}
 o - a scroll of silence {unknown}
 p - a scroll of fog {unknown}
Potions
 b - a potion of curing {unknown}
 f - a potion of haste {unknown}
 g - a potion of resistance {unknown}
 k - a potion of might {unknown}
 n - a potion of heal wounds {unknown}
 s - a potion of attraction {unknown}


   Skills:
 - Level 3.0 Fighting
 + Level 7.1 Axes
 - Level 1.7 Armour
 - Level 1.7 Dodging


You had 5 spell levels left.
You didn't know any spells.
Your spell library was empty.

Dungeon Overview and Level Annotations

Branches:
Dungeon (5/15)             Temple (0/1) D:4

Altars:
Cheibriados
Gozag


Innate Abilities, Weirdness & Mutations

You have very sharp fingernails.
You are partially covered in razor-sharp scales. (AC +1, Slay +1)
Spells you cast may paralyse adjacent enemies.


Message History

Deactivating autopickup; reactivate with Ctrl-A.
You closely miss the killer bee.
The killer bee is almost dead.
You feel sick. The killer bee stings you.
A phantom comes into view.
You slash the killer bee!
You feel the power of Trog in you as your rage grows.
You kill the killer bee!
Trog accepts your kill.
Your Axes skill increases to level 7!
You feel sick.
You hear some strange, mumbled words.
A puff of flame appears from out of thin air!
The puff of flame hits you!
Things that are here:
a killer bee corpse; a killer bee corpse; a killer bee corpse You barely miss something.
You feel sick. Something hits you.
You hit something. You closely miss something.
You feel sick.
You hear some strange, mumbled words.
A puff of flame appears from out of thin air!
The puff of flame hits you.
* * * LOW HITPOINT WARNING * * *
You slash something! Something hits you.
* * * LOW HITPOINT WARNING * * *
Unknown command.
You miss something.
You are no longer berserk.
You are exhausted.
You feel yourself slow down.
You feel sick.
Unknown command.
You barely miss something.
You feel sick.
You hear some strange, mumbled words.
You are confused.
Something hits you.
* * * LOW HITPOINT WARNING * * *
You bump into the rock wall.
* * * LOW HITPOINT WARNING * * *
You feel sick. Something hits you.
You die...

. .. ## ######## ... ..
.......## #... #.
###....####### #...#.
#[............
#....#####.#....#######
#..W{@...<#.#.## #
##..#######.#.# # ##.
#.#.# # .y ..... # (..
####. # ...y .# ####
##..y #... #$.. #.##
#.#


You could see a phantom.

Vanquished Creatures
  4 killer bees (D:5)
  3 orc priests
  A hound (D:3)
  A worker ant (D:5)
  An orc wizard (D:5)
  3 adders
  An adder skeleton (D:4)
  3 worms
  2 dart slugs (D:1)
  2 leopard geckos (D:1)
  11 orcs
  A giant cockroach (D:3)
  9 goblins
  12 hobgoblins
  A quokka (D:1)
  2 ball pythons
  7 bats
  6 frilled lizards
  8 kobolds
  8 rats
86 creatures vanquished.

Notes
Turn   | Place    | Note
-------+----------+-------------------------------------------
     0 | D:1      | rjrrt the Demonspawn Berserker began the quest for the Orb.
     0 | D:1      | Reached XP level 1. HP: 18/18 MP: 1/1
   374 | D:1      | Reached skill level 3 in Axes
   483 | D:1      | Gained mutation: You are partially covered in razor-sharp
                  | scales. (AC +1, Slay +1) [demonic ancestry]
   483 | D:1      | Reached XP level 2. HP: 24/24 MP: 2/2
   951 | D:1      | Gained mutation: Spells you cast may paralyse adjacent
                  | enemies. [demonic ancestry]
   951 | D:1      | Reached XP level 3. HP: 26/29 MP: 3/3
  1103 | D:1      | Reached ** piety under Trog
  1559 | D:2      | Reached skill level 4 in Axes
  2203 | D:3      | Reached XP level 4. HP: 33/35 MP: 4/4
  2439 | D:3      | Found a snail-covered altar of Cheibriados.
  2453 | D:3      | Reached skill level 5 in Axes
  2792 | D:3      | Found an opulent altar of Gozag.
  2820 | D:3      | Gained mutation: You have sharp fingernails. [demonic
                  | ancestry]
  2820 | D:3      | Reached XP level 5. HP: 41/41 MP: 5/5
  3570 | D:4      | Found a staircase to the Ecumenical Temple.
  3955 | D:5      | Entered Level 5 of the Dungeon
  3961 | D:5      | Reached skill level 6 in Axes
  3961 | D:5      | Reached *** piety under Trog
  3962 | D:5      | Gained mutation: You have very sharp fingernails. [demonic
                  | ancestry]
  3962 | D:5      | Reached XP level 6. HP: 47/47 MP: 6/6
  4171 | D:5      | Reached skill level 7 in Axes
  4178 | D:5      | Slain by an orc wizard

Illustrated notes

Levels and vault maps discovered:
D:1:      grunt_arrival_crossed_arrows, layout_loops_corners,
          due_unseen_surprise
D:2:      layout_rooms
D:3:      layout_rooms, cheibriados_altar_1, st_stairs_4, grunt_gozag_statues
D:4:      layout_basic, minmay_temple_entry_antechambers
D:5:      layout_loops_ring, nzn_overflow_gifts_of_might_and_magic,
          nicolae_overflow_hidden_temple, uniq_prince_ribbit1

Skill      XL: |  1  2  3  4  5  6 |
---------------+-------------------+-----
Axes           | 3 4 5 6 7 |  7.1
Fighting       | |  3.0
Armour         | |  1.7
Dodging        | |  1.7

Action                   |  1- 3 |  4- 6 || total
-------------------------+-------+-------++-------
Melee: Hand axe          |   121 |    95 ||   216
Invok: Berserk           |     4 |     5 ||     9
Armor: Animal skin       |     8 |       ||     8
       Ring mail         |    15 |    24 ||    39
Dodge: Dodged            |    84 |    51 ||   135

Table legend: (Time is in decaauts)
 A = Elapsed time spent in this place.
 B = Non-inter-level travel time spent in this place.
 C = Inter-level travel time spent in this place.
 D = Time resting spent in this place.
 E = Time spent auto-exploring this place.
 F = Levels seen in this place.
 G = Mean time per level.
                   A        B        C        D        E       F      G
               +--------+--------+--------+--------+--------+-----+--------+
         Total |   4256 |   4159 |     97 |    189 |   3420 |   5 |  851.2 |
       Dungeon |   4256 |   4159 |     97 |    189 |   3420 |   5 |  851.2 |
               +--------+--------+--------+--------+--------+-----+--------+

Top non-repeatable levels by time:
     D:1: 1332 daAuts
     D:4: 921 daAuts
     D:3: 895 daAuts
     D:2: 884 daAuts
     D:5: 222 daAuts
